 Dungeon Crawl Stone Soup version 0.20-a0-1089-g3fde505 (webtiles) character file.

248 JeffiDaFish the Firebug (level 5, -5/40 HPs)
             Began as a Draconian Fire Elementalist on May 2, 2017.
             Slain by an orc
             ... wielding a +0 mace
              (6 damage)
             ... on level 4 of the Dungeon.
             The game lasted 00:10:01 (2405 turns).

JeffiDaFish the Firebug (DrFE)                      Turns: 2405, Time: 00:10:01

Health: -5/40      AC:  5    Str: 11      XL:     5   Next: 86%
Magic:  0/10       EV: 12    Int: 13 (15) God:
Gold:   83         SH:  0    Dex: 11 (12) Spells: 3/10 levels left

rFire    . . .     SeeInvis .   e - +0 hand axe
rCold    . . .     Gourm    .   (no shield)
rNeg     . . .     Faith    .   (armour unavailable)
rPois    .         Spirit   .   (helmet restricted)
rElec    .         Reflect  .   (no cloak)
rCorr    .         Harm     .   (no gloves)
MR       .....                  (no boots)
Stlth    ++........             (no amulet)
Regen    0.2/turn               (no ring)
MPRegen  0.2/turn               (no ring)

@: no status effects
A: unfitting armour, cold-blooded, AC +5
a: no special abilities


You were on level 4 of the Dungeon.
You were not hungry.

You visited 1 branch of the dungeon, and saw 4 of its levels.

You collected 83 gold pieces.

Inventory:

Hand Weapons
 d - a +0 dagger
 e - a +0 hand axe (weapon)
Armour
 j - a +0 pair of gloves
Scrolls
 g - 3 scrolls of identify
 k - a scroll of remove curse
 l - a scroll of enchant armour
Books
 a - a book of Flames

   Spells                             Type                      Level
   a - Flame Tongue                   Conjuration/Fire             1
   b - Throw Flame                    Conjuration/Fire             2
   c - Conjure Flame                  Conjuration/Fire             3
   d - Inner Flame                    Hexes/Fire                   3
   e - Sticky Flame                   Conjuration/Fire             4
   f - Fireball                       Conjuration/Fire             5
Comestibles
 b - 3 bread rations
 f - a royal jelly
 h - 3 fruits
 m - a meat ration


   Skills:
 + Level 1.0 Fighting
 - Level 0.8 Short Blades
 + Level 1.0 Axes
 + Level 2.4 Dodging
 + Level 2.5 Stealth
 - Level 0.2 Unarmed Combat
 * Level 3.3 Spellcasting
 * Level 2.6 Conjurations
 * Level 3.9 Fire Magic


You had 3 spell levels left.
You knew the following spells:

 Your Spells              Type           Power        Failure   Level  Hunger
a - Flame Tongue          Conj/Fire      ##...        6%          1    #......
b - Throw Flame           Conj/Fire      ##....       9%          2    ##.....
c - Sticky Flame          Conj/Fire      ##......     50%         4    #####..


Dungeon Overview and Level Annotations

Branches:
Dungeon (4/15)
 Temple: D:4-7

Altars:
Hepliaklqana


Innate Abilities, Weirdness & Mutations

Your plain brown scales are hard. (AC +5)
You cannot fit into any form of body armour.
You are cold-blooded and may be slowed by cold attacks.


Message History

* * * LOW HITPOINT WARNING * * *
Your magical contamination has completely faded away.
Casting: Flame Tongue
Confirm with . or Enter, or press ? or * to list all spells.
Aiming: Flame Tongue
Press: ? - help, Shift-Dir - straight line, f/p - orc
Aim: an orc, wielding a trident and wearing a scale mail (heavily wounded)
The flame tongue hits the orc.
You kill the orc!
The orc hits you with a mace.
* * * LOW HITPOINT WARNING * * *
Casting: Flame Tongue
Confirm with . or Enter, or press ? or * to list all spells.
Aiming: Flame Tongue
Press: ? - help, Shift-Dir - straight line, f - orc
Aim: an orc, wielding a mace and wearing a chain mail (severely wounded)
The flame tongue hits the orc.
The orc appears unharmed.
The orc is severely wounded.
The orc hits you with a mace.
You die...

.. .. #.#(## ....
... # #.#.#
######.#.###
#######.....[....#
........o###.#.#.#
#.......)@...# #
#.......###..#
........>?.......#
...#.##.###.#..#.#
.. #. #.# .......
. # #.....#..#.#
#####.#..#.#
..#..# # .. ..#


You could see an orc.

Vanquished Creatures
  A hound (D:4)
  2 orc priests (D:3)
  Jessica (D:2)
  An orc wizard (D:4)
  3 adders
  An ooze (D:1)
  A worm (D:2)
  3 dart slugs (D:1)
  2 leopard geckos (D:3)
  9 orcs
  A ball python (D:3)
  3 giant cockroaches
  5 hobgoblins
  4 jackals (D:1)
  8 bats
  A frilled lizard (D:1)
  5 goblins
  6 kobolds
  12 rats
69 creatures vanquished.

Notes
Turn   | Place    | Note
-------+----------+-------------------------------------------
     0 | D:1      | JeffiDaFish the Draconian Fire Elementalist began the quest for the Orb.
     0 | D:1      | Reached XP level 1. HP: 14/14 MP: 3/3
   242 | D:1      | Reached XP level 2. HP: 20/20 MP: 5/5
   281 | D:1      | Learned a level 2 spell: Throw Flame
   669 | D:1      | Reached XP level 3. HP: 26/26 MP: 0/6
  1191 | D:2      | Noticed Jessica
  1194 | D:2      | Killed Jessica
  1194 | D:2      | Reached XP level 4. HP: 33/33 MP: 4/8
  1360 | D:2      | You fall through a shaft!
  1386 | D:3      | Learned a level 4 spell: Sticky Flame
  1485 | D:4      | Reached XP level 5. HP: 4/39 MP: 0/9
  1929 | D:3      | Found a hazy altar of Hepliaklqana.
  1976 | D:3      | Reached skill level 1 in Fighting
  2393 | D:4      | Reached skill level 1 in Axes
  2404 | D:4      | HP: 1/40 [orc/mace (4)]
  2405 | D:4      | Slain by an orc

Vault maps used:
D:1:      minmay_arrival_checkered_box, minmay_tetromino_i4
D:2:      uniq_jessica
D:3:      nicolae_overflow_hidden_temple, first_bread
D:4:      old_forge, minmay_temple_entry_statues_pillars,
          nicolae_underground_beach

Skill      XL: |  1  2  3  4  5 |
---------------+----------------+-----
Stealth        | 2 |  2.5
Dodging        | 2 |  2.4
Spellcasting   | 3 |  3.3
Conjurations   | 2 |  2.6
Fighting       | 1 |  1.0
Axes           | 1 |  1.0
Short Blades   | |  0.8
Unarmed Combat | |  0.2
Fire Magic     | |  3.9

Action                   |  1- 3 |  4- 6 || total
-------------------------+-------+-------++-------
Melee: Dagger            |    55 |       ||    55
       Tailslap          |     6 |     6 ||    12
       Unarmed           |     1 |       ||     1
       Hand axe          |     1 |    84 ||    85
 Cast: Flame Tongue      |    37 |    45 ||    82
       Throw Flame       |     1 |     2 ||     3
  Use: Potion            |     3 |     3 ||     6
       Scroll            |     4 |       ||     4
 Stab: Sleeping          |     6 |       ||     6
  Eat: Chunk             |     1 |     5 ||     6
Armor: Skin              |    12 |    40 ||    52
Dodge: Dodged            |    56 |   100 ||   156
